 Dungeon Sprint DCSS version 0.21.1-1-g345015f (webtiles) character file.

20958 Fang the Warrior (level 12, -2/127 HPs)
             Began as a Minotaur Berserker on May 3, 2018.
             Was the Champion of Trog.
             Slain by an earth elemental (3 damage)
             ... in the Dungeon (Sprint V: "Ziggurat Sprint").
             The game lasted 00:04:27 (1076 turns).

Fang the Warrior (Minotaur Berserker)               Turns: 1076, Time: 00:04:28

Health: -2/127     AC: 25    Str: 27      XL:     12   Next: 49%
Magic:  11/11      EV: 13    Int:  2 (4)  God:    Trog [******]
Gold:   0          SH:  0    Dex: 14      Spells: 11/11 levels left

rFire    + . .     SeeInvis .   b - +4 trident "Newt's Death Toll" {drain, +Rage Dex+2}
rCold    x . .     Gourm    .   (no shield)
rNeg     . . .     Faith    .   j - +5 shadow dragon scales
rPois    .         Spirit   .   (helmet restricted)
rElec    .         Reflect  .   (no cloak)
rCorr    .         Harm     .   (no gloves)
MR       .....     NoTele   +   k - +2 pair of boots of the Assassin {Detection Stab+ Stlth++}
Stlth    ++++......             (no amulet)
HPRegen  0.31/turn              G - ring of flight
MPRegen  0.12/turn              B - ring "Dapan" {Fire Dex+2 Slay+3}

@: confused, berserk cooldown, slowed, studying Staves, very slow
A: retaliatory headbutt, horns 2, deterioration 1
a: Berserk, Trog's Hand, Brothers in Arms, Burn Spellbooks, Renounce Religion,
Evoke Berserk Rage, Evoke Flight


You were in the Dungeon.
You worshipped Trog.
Trog was exalted by your worship.
You were very hungry.

You visited 1 branch

Inventory:

Hand Weapons
 b - the +4 trident "Newt's Death Toll" (weapon) {drain, +Rage Dex+2}
   (You found it in the Dungeon)

   A truly terrible weapon, it drains the life of those it strikes.
   It affects your dexterity (+2).
   It lets you go berserk.
 D - a +1 war axe of chopping
Armour
 j - +5 shadow dragon scales (worn)
 k - the +2 pair of boots of the Assassin (worn) {Detection Stab+ Stlth++}
   (You found it in the Dungeon)

   It makes you much more stealthy.
Jewellery
 B - the ring "Dapan" (right hand) {Fire Dex+2 Slay+3}
   (You found it in the Dungeon)

   [ring of fire]

   It enhances your fire magic.
   It affects your dexterity (+2).
   It affects your accuracy and damage with ranged weapons and melee attacks
   (+3).
   It protects you from fire.
   It makes you vulnerable to cold.
 G - a ring of flight (left hand)
Wands
 x - a wand of disintegration (7)
 y - a wand of iceblast (7)
 z - a wand of acid (7)
 A - a wand of digging (14)
Scrolls
 i - 4 scrolls of blinking
 m - 7 scrolls of fog
 n - a scroll of holy word
 o - 5 scrolls of identify
 p - 5 scrolls of remove curse
 q - 2 scrolls of fear
Potions
 d - 10 potions of curing
 e - 9 potions of heal wounds
 f - 6 potions of haste
 g - 7 potions of magic
 h - 3 potions of berserk rage
 r - 2 potions of brilliance
 s - 2 potions of invisibility
 t - 4 potions of resistance
 v - 5 potions of agility
 w - 5 potions of might
Books
 a - a manual of Staves
Miscellaneous
 C - a lamp of fire
 E - a lamp of fire
 F - a lamp of fire
 H - a phial of floods
Comestibles
 c - 7 rations
 l - 5 chunks of flesh


   Skills:
 + Level 18.0 Fighting
 + Level 15.0(18.3) Axes
 + Level 17.7(19.7) Polearms
 + Level 2.7(12.3) Staves
 + Level 14.2 Armour
 + Level 7.8 Dodging
 + Level 1.5 Stealth


You had 11 spell levels left.
You didn't know any spells.

Dungeon Overview and Level Annotations

Branches:
Dungeon (1/1)

Altars:
Ashenzari
Cheibriados
Dithmenos
Elyvilon
Fedhas
Gozag
Hepliaklqana
Kikubaaqudgha
Makhleb
Nemelex Xobeh
Okawaru
Qazlal
Ru
Sif Muna
Trog
Uskayaw
Vehumet
Wu Jian
Xom
Yredelemnul
Zin
The Shining One
Beogh
Jiyva
Lugonu

Annotations:
D 1 transporter


Innate Abilities, Weirdness & Mutations

You reflexively headbutt those who attack you in melee.
You have a pair of horns on your head.
Your body sometimes deteriorates upon taking damage.


Message History

Unknown command.
You puncture the deep elf knight!
Your headbutt misses the deep elf knight.
The deep elf knight is severely wounded.
The deep elf mage hits you with a rapier.
* * * LOW HITPOINT WARNING * * *
The deep elf archer shoots an arrow.
The arrow hits you but does no damage.
The deep elf knight casts a spell at you.
The stone arrow hits you!
* * * LOW HITPOINT WARNING * * *
The earth elemental hits you!
* * * LOW HITPOINT WARNING * * *
The ice beast misses you.
You're too confused to move!
The deep elf mage misses you.
The deep elf archer shoots an arrow.
The arrow hits you!
* * * LOW HITPOINT WARNING * * *
Your body deteriorates!
You feel dopey. The deep elf knight closely misses you.
The ice beast closely misses you. The earth elemental hits you.
You die...

▓....©....▓...©...▓
▓▓▓▓▓▓▓▓▓▓▓▓▓▓▓▓▓▓▓
▓...8©8...▓..8©8..▓
▓e.!:"==..▓...[}..▓
▓...}::...▓...}|..▓
▓.........▓.......▓
▓.........▓.......▓
▓....Y....▓...)...▓
▓...@ee...▓...)...▓
▓..e.E....▓.▓).)▓.▓
▓....©(...▓...©)..▓
▓▓▓▓▓▓▓▓▓▓▓▓▓▓▓▓▓▓▓


{{{{{ {{{{{ {{{{{ {{{{ You could see a deep elf archer, a deep elf knight, an
earth elemental, 2 deep elf magi and an ice beast.

Vanquished Creatures
  2 deep elf demonologists (D)
  A red draconian (D)
  A purple draconian (D)
  2 dancing weapons (D)
  A deep elf archer (D)
  7 deep elf magi (D)
  2 ugly things (D)
  A shining eye (D)
  4 draconians (D)
  A rime drake (shapeshifter) (D)
  An air elemental (D)
  Sigmund (D)
  A spriggan (D)
  A spriggan (shapeshifter) (D)
  3 fire elementals (D)
  2 neqoxecs (D)
  A hell hound (D)
  A black bear (D)
  A wolf (D)
  Blork the orc (D)
  A quasit (D)
  Crazy Yiuf (D)
  Jessica (D)
38 creatures vanquished.

Vanquished Creatures (others)
  A spatial maelstrom (D)
  2 fire vortices (D)
3 creatures vanquished.

Grand Total: 41 creatures vanquished

Notes
Turn   | Place    | Note
-------+----------+-------------------------------------------
     0 | D        | Found the +6 Majin-Bo {vamp, Archmagi MP+6 Int+6}
     0 | D        | Found the +7 great mace "Firestarter" {inner flame, rF++}
     0 | D        | Fang the Minotaur Berserker began the quest for the Orb.
     0 | D        | Reached XP level 1. HP: 19/19 MP: 0/0
     3 | D        | Found a blossoming altar of Fedhas.
     4 | D        | Found a viscous altar of Jiyva.
     4 | D        | Found a hazy altar of Hepliaklqana.
     4 | D        | Found a transporter.
     4 | D        | Found an opulent altar of Gozag.
     4 | D        | Found an ancient bone altar of Kikubaaqudgha.
     4 | D        | Found a corrupted altar of Lugonu.
     4 | D        | Banished a spatial maelstrom
    12 | D        | Found a burning altar of Makhleb.
    13 | D        | Found a stormy altar of Qazlal.
    13 | D        | Found a sacrificial altar of Ru.
    13 | D        | Found an iron altar of Okawaru.
    13 | D        | Found a deep blue altar of Sif Muna.
    13 | D        | Found a sparkling altar of Nemelex Xobeh.
    13 | D        | Found a bloodstained altar of Trog.
    75 | D        | Entered arena 2.
    75 | D        | Noticed a deep elf demonologist
    75 | D        | Noticed a quasit
    75 | D        | Found a transporter.
    77 | D        | Killed a quasit
    77 | D        | Reached skill level 5 in Fighting
    77 | D        | Reached skill level 5 in Axes
    77 | D        | Reached XP level 2. HP: 30/30 MP: 1/1
    77 | D        | Reached XP level 3. HP: 37/37 MP: 2/2
    78 | D        | Noticed a smoke demon
    83 | D        | Noticed a sixfirhy
    83 | D        | Noticed a sun demon
    87 | D        | Killed a deep elf demonologist
    87 | D        | Reached ** piety under Trog
    87 | D        | Reached skill level 12 in Fighting
    87 | D        | Reached skill level 5 in Dodging
    87 | D        | Reached XP level 4. HP: 28/57 MP: 3/3
    87 | D        | Reached XP level 5. HP: 31/63 MP: 4/4
    87 | D        | Reached XP level 6. HP: 35/71 MP: 5/5
    87 | D        | Reached XP level 7. HP: 39/78 MP: 6/6
   304 | D        | Entered arena 3.
   304 | D        | Noticed a spriggan
   304 | D        | Found a transporter.
   307 | D        | Reached XP level 8. HP: 85/85 MP: 7/7
   312 | D        | Reached skill level 13 in Fighting
   321 | D        | Got the +4 trident "Newt's Death Toll" {drain, +Rage Dex+2}
   368 | D        | Entered arena 4.
   368 | D        | Noticed Sigmund
   368 | D        | Noticed Jessica
   368 | D        | Noticed Blork the orc
   368 | D        | Noticed Crazy Yiuf
   368 | D        | Found a transporter.
   371 | D        | Killed Crazy Yiuf
   371 | D        | Reached *** piety under Trog
   372 | D        | Killed Jessica
   374 | D        | Killed Blork the orc
   375 | D        | Killed Sigmund
   375 | D        | Reached **** piety under Trog
   433 | D        | Identified Ycutoi's Papyrus of Helpful Lightness
   435 | D        | Identified Qatynuff's Collected Works on Sinister Displacement
   437 | D        | Entered arena 5.
   437 | D        | Found a transporter.
   465 | D        | Reached ***** piety under Trog
   470 | D        | Got the ring "Dapan" {Fire Dex+2 Slay+3}
   690 | D        | Entered arena 6.
   690 | D        | Noticed a deep elf mage
   690 | D        | Noticed an air elemental
   690 | D        | Noticed a deep elf mage
   690 | D        | Noticed a war axe of chopping
   690 | D        | Noticed a deep elf mage
   690 | D        | Found a transporter.
   691 | D        | Found the +2 pair of boots of the Assassin {Detection Stab+ Stlth++}
   692 | D        | Killed an air elemental
   692 | D        | Reached skill level 14 in Fighting
   692 | D        | Reached XP level 9. HP: 95/95 MP: 8/8
   695 | D        | Killed a war axe of chopping
   695 | D        | Reached skill level 10 in Polearms
   696 | D        | Killed a deep elf mage
   696 | D        | Received a gift from Trog
   696 | D        | Reached skill level 10 in Armour
   698 | D        | Killed a deep elf mage
   701 | D        | Killed a deep elf mage
   701 | D        | Received a gift from Trog
   793 | D        | Entered arena 7.
   793 | D        | Noticed a purple draconian
   793 | D        | Noticed a red draconian
   793 | D        | Noticed a draconian
   793 | D        | Noticed a draconian
   793 | D        | Noticed a draconian
   793 | D        | Noticed a draconian
   795 | D        | Found a transporter.
   800 | D        | Killed a draconian
   800 | D        | Reached skill level 15 in Fighting
   807 | D        | Killed a draconian
   808 | D        | Killed a purple draconian
   808 | D        | Reached XP level 10. HP: 107/107 MP: 9/9
   813 | D        | Killed a draconian
   813 | D        | Reached ****** piety under Trog
   818 | D        | Killed a draconian
   818 | D        | Reached skill level 16 in Fighting
   825 | D        | Killed a red draconian
   912 | D        | Entered arena 8.
   912 | D        | Noticed a deep elf mage
   912 | D        | Noticed a deep elf mage
   912 | D        | Noticed a deep elf archer
   912 | D        | Noticed a deep elf mage
   912 | D        | Noticed a deep elf mage
   917 | D        | Killed a deep elf mage
   921 | D        | Killed a deep elf mage
   921 | D        | Received a gift from Trog
   921 | D        | Reached skill level 15 in Polearms
   926 | D        | Killed a deep elf archer
   930 | D        | Killed a deep elf mage
   931 | D        | Found a transporter.
   934 | D        | Killed a deep elf mage
   934 | D        | Received a gift from Trog
   934 | D        | Reached XP level 11. HP: 116/116 MP: 10/10
   978 | D        | Entered arena 9.
   978 | D        | Noticed a shining eye
   978 | D        | Noticed a brown ugly thing
   978 | D        | Noticed a red ugly thing
   980 | D        | Found a transporter.
   981 | D        | Received a gift from Trog
   987 | D        | Killed a red ugly thing
   987 | D        | Reached skill level 17 in Fighting
   995 | D        | Killed a brown ugly thing
   995 | D        | Gained mutation: Your body sometimes deteriorates upon taking damage. [a shining eye]
   998 | D        | Killed a shining eye
  1044 | D        | Entered arena 10.
  1044 | D        | Noticed a flail of holy wrath
  1044 | D        | Noticed a deep elf knight
  1044 | D        | Noticed a deep elf mage
  1044 | D        | Noticed a deep elf archer
  1044 | D        | Noticed a deep elf mage
  1044 | D        | Noticed a deep elf demonologist
  1046 | D        | Found a transporter.
  1047 | D        | Noticed a cacodemon
  1053 | D        | Killed a flail of holy wrath
  1058 | D        | Noticed an Executioner
  1061 | D        | Killed a deep elf demonologist
  1069 | D        | Reached skill level 18 in Fighting
  1069 | D        | Reached skill level 15 in Axes
  1069 | D        | Reached skill level 1 in Stealth
  1069 | D        | Reached XP level 12. HP: 35/127 MP: 11/11
  1069 | D        | Received a gift from Trog
  1076 | D        | HP: 1/127 [deep elf archer/arrow (14)]
  1076 | D        | Slain by an earth elemental

Skill      XL: |  1  2  3  4  5  6  7  8  9 10 11 |
---------------+----------------------------------+-----
Fighting       | 5 12 14 15 16 18 | 18.0
Axes           | 5 12 13 14 15 | 15.0
Armour         | 3 7 9 11 13 14 | 14.2
Dodging        | 3 5 6 7 |  7.8
Polearms       | 6 9 13 15 17 | 17.7
Staves         | 2 |  2.7
Stealth        | 1 |  1.5

Action                   |  1- 3 |  4- 6 |  7- 9 | 10-12 || total
-------------------------+-------+-------+-------+-------++-------
Melee: Demon trident     |    11 |       |     8 |       ||    19
       Headbutt          |     3 |       |     7 |    14 ||    24
       Trident           |       |       |    34 |    80 ||   114
Invok: Berserk           |     1 |       |     5 |     3 ||     9
       Burn Spellbooks   |       |       |     2 |     1 ||     3
  Use: Potion            |       |       |       |     2 ||     2
  Eat: Chunk             |       |       |     4 |     4 ||     8
Armor: Shadow dragon sca |    10 |       |    17 |    46 ||    73
Dodge: Dodged            |     3 |       |     5 |    43 ||    51
